Cogmind - Beta 14 @@@ ROGUE MODE // 2024.11.08 @ 07:53:24 Player: star Result: Destroyed by Y-45 Defender with Beam Rifle Performance ------------- Evolutions (1) 500 Regions Visited (3) 600 Robots Destroyed (14) 70 Value Destroyed (334) 334 Prototype IDs (0) 0 Alien Tech Used (0) 0 Bonus (16) 16 TOTAL SCORE: 1520 Bonus ------- High Alert Combat Kills 16 Cogmind --------- Core Integrity 0/400 Matter 300/300 Energy 40/100 System Corruption 0% Temperature Cool (9) Movement Flying (50) Location -9/Materials Parts ------- > --- POWER (1) -------- (None) > --- PROPULSION (2) --- Improved Aluminum Leg Flight Unit > --- UTILITY (2) ------ (None) > --- WEAPON (4) ------- Spread Laser > --- INVENTORY (5) ---- Flight Unit Small Storage Unit Huge Storage Unit Experimental Sensor Array Peak State ------------ > --- POWER ------------ Ion Engine > --- PROPULSION ------- Improved Aluminum Leg Improved Aluminum Leg > --- UTILITY ---------- Medium Storage Unit Weapon Shielding > --- WEAPON ----------- EM Shotgun EM Shotgun Spread Laser Spread Laser > --- INVENTORY -------- Improved Aluminum Leg Improved Aluminum Leg Wheel Small Storage Unit Huge Storage Unit Experimental Sensor Array Spread Laser [Rating: 16] Favorites ----------- Power Ion Engine Engine Ion Engine Propulsion Wheel Leg Improved Aluminum Leg Wheel Wheel Flight Unit Flight Unit Utility Small Storage Unit Storage Small Storage Unit Protection Weapon Shielding Weapon EM Shotgun Energy Gun EM Shotgun Ballistic Gun Assault Rifle Build | -11 -10 -10 -9 ------- Run | Yrd Mat Min Mat Slots Evolved 2 | . . . 2 Power . | . . . . Propulsion . | . . . . Utility . | . . . . Weapon 2 | . . . 2 Parts Attached 18 | 6 3 1 8 Power 1 | 1 . . . Engine 1 | 1 . . . Core . | . . . . Reactor . | . . . . Propulsion 7 | 2 1 . 4 Treads . | . . . . Leg 3 | . . . 3 Wheel 3 | 2 1 . . Hover . | . . . . Flight 1 | . . . 1 Utility 3 | 1 . 1 1 Device . | . . . . Storage 2 | 1 . 1 . Processor . | . . . . Hackware . | . . . . Protection 1 | . . . 1 Artifact . | . . . . Weapon 7 | 2 2 . 3 Energy Gun 6 | 1 2 . 3 Energy Cannon . | . . . . Ballistic Gun 1 | 1 . . . Ballistic Cannon . | . . . . Launcher . | . . . . Special Weapon . | . . . . Impact Weapon . | . . . . Slashing Weapon . | . . . . Piercing Weapon . | . . . . Special Melee Weapon . | . . . . Unidentified Prototypes . | . . . . Parts Lost 4 | . 1 . 3 Power . | . . . . Propulsion 2 | . 1 . 1 Utility 1 | . . . 1 Weapon 1 | . . . 1 Highest Loss Streak 2 | . 1 . 2 To Critical Strikes . | . . . . Average Slot Usage (%) 82 | . 83 88 76 Engine 12 | . 14 14 8 Leg 1 | . . . 6 Wheel 22 | . 26 28 11 Storage 14 | . 14 17 13 Energy Gun 25 | . 17 28 34 Ballistic Gun 4 | . 10 . . Peak Build Rating 16 | 6 9 11 16 Average Rating 8 | 4 6 10 11 On Entrance 6 | . 6 9 11 Naked Turns 8 | . . . 8 Heaviest Build 32 | 14 16 26 32 Greatest Support 26 | 26 26 20 26 Greatest Overweight (x) 3 | . . 1 3 Average Overweight (x) . | . . . . Largest Inventory Capacity 10 | 8 8 10 10 Average Capacity 8 | 7 8 8 8 Most Carried 10 | . 8 10 9 Average Carried 4 | . 3 8 6 Final Capacity 10 | 8 8 10 5 Final Carried 10 | . 8 10 4 Class Distribution -------------------- 80% | Mutant 12% | Gunner 6% | Tank Dominant Class ---------------- Mutant | -10/Materials Mutant | -10/Mines Gunner | -9/Materials Resources | -11 -10 -10 -9 ----------- Run | Yrd Mat Min Mat Matter Collected 392 | 240 52 30 70 Remotely . | . . . . Salvage Created 349 | . 86 . 263 Parts 34 | . 3 . 31 Haulers Intercepted . | . . . . Recyclers Shooed . | . . . . Parts Field Recycled . | . . . . Retrieved Matter . | . . . . Parts Self-Destructed . | . . . . Prevented . | . . . . Kills | -11 -10 -10 -9 ------- Run | Yrd Mat Min Mat Combat Hostiles Destroyed 13 | . 2 . 11 Guns 12 | . 2 . 10 AOE 1 | . . . 1 Classes Destroyed 4 | . 1 . 3 Builder 1 | . . . 1 Swarmer 7 | . . . 7 Grunt 4 | . 2 . 2 Sentry 2 | . . . 2 Best Kill Streak 6 | . 2 . 6 Combat Bots Only 5 | . 2 . 5 Max Kills in Single Turn 2 | . 1 . 2 Gunslinging . | . . . . Exploded 1 | . . . 1 Melee . | . . . . Uniques/NPCs Destroyed . | . . . . Combat | -11 -10 -10 -9 -------- Run | Yrd Mat Min Mat Hostile Shots Fired 116 | . 13 . 103 Missed 25 | . 2 . 23 Damage Taken 1058 | . 129 . 929 Core 429 | . 25 . 404 Absorbed by Shields . | . . . . Redirected to Shielding 31 | . . . 31 Core Remaining (%) 95 | 100 . 90 . Volleys Fired 26 | . 9 . 17 Largest 4 | . 2 . 4 Hottest 220 | . 70 . 220 Shots Fired 55 | . 18 . 37 Gun 55 | . 18 . 37 Cannon . | . . . . Launcher . | . . . . Special . | . . . . Kinetic 9 | . 9 . . Thermal 33 | . 9 . 24 Explosive . | . . . . Electromagnetic 13 | . . . 13 Robot Hit Streak 12 | . 5 . 12 Robot Miss Streak 5 | . 2 . 5 Penetration Max . | . . . . Secondary Targets . | . . . . Shots Hit Robots 39 | . 12 . 27 Core Hits 40 | . 5 . 35 Critical Kills . | . . . . Critical Parts Destroyed . | . . . . Critical Strikes . | . . . . Melee Attacks . | . . . . Impact . | . . . . Slashing . | . . . . Piercing . | . . . . Sneak Attacks . | . . . . Combat Hostiles . | . . . . Follow-up Attacks . | . . . . Damage Inflicted 603 | . 145 . 458 Guns 499 | . 145 . 354 Cannons . | . . . . Explosions 104 | . . . 104 Melee . | . . . . Ramming . | . . . . Kinetic 59 | . 59 . . Thermal 433 | . 86 . 347 Explosive . | . . . . Electromagnetic 111 | . . . 111 Impact . | . . . . Slashing . | . . . . Piercing . | . . . . Highest Corruption . | . . . . Average Corruption . | . . . . Corruption Purged . | . . . . Corruption Blocked . | . . . . Overload Shots . | . . . . Overflow Damage 56 | . . . 56 Projectiles . | . . . . Explosions 56 | . . . 56 Melee . | . . . . Knockbacks . | . . . . Impact . | . . . . Kinetic . | . . . . Secondary . | . . . . Self-Inflicted Damage 162 | . . . 162 Shots 3 | . . . 3 Rammed . | . . . . Targets Rammed . | . . . . Kicked . | . . . . Crushed . | . . . . Highest Temperature 357 | . 150 . 357 Average Temperature 113 | . 79 . 126 Received Heat Transfer 237 | . 75 . 162 Effects 1 | . . . 1 Energy Bleed 1 | . . . 1 Siege Activations . | . . . . Robots Corrupted . | . . . . Combat Hostiles . | . . . . Parts Fried . | . . . . Impact Corruptions . | . . . . Robots Melted . | . . . . Combat Hostiles . | . . . . Parts Melted 1 | . 1 . . Heat Transferred 719 | . 259 . 460 Parts Sabotaged . | . . . . Parts Stolen . | . . . . Parts Stripped . | . . . . Power Chain Reactions 1 | . . . 1 Alert | -11 -10 -10 -9 ------- Run | Yrd Mat Min Mat Peak Influence 447 | . 55 21 447 Initial 21 | . . 21 7 Average 70 | . 27 21 208 Maximum Alert Level 2 | . . . 2 Low Security (%) 85 | 100 100 100 43 Level 1 12 | . . . 46 Level 2 2 | . . . 10 Level 3 . | . . . . Level 4 . | . . . . Level 5 . | . . . . High Security . | . . . . Max Security . | . . . . Squads Dispatched . | . . . . Investigation . | . . . . Extermination . | . . . . Reinforcement . | . . . . Assault . | . . . . Garrison . | . . . . Intercept . | . . . . Searches Triggered . | . . . . Construction Impeded . | . . . . Haulers Reinforced . | . . . . Active Scanning Responses . | . . . . Cargo Convoy Interrupts . | . . . . Stealth | -11 -10 -10 -9 --------- Run | Yrd Mat Min Mat Distress Signals 1 | . . . 1 Communications Jammed . | . . . . Distress Signals . | . . . . Times Spotted 21 | . 2 . 19 Peak Tracking Total 12 | . 2 . 12 Tactical Retreats 4 | . . . 4 Traps | -11 -10 -10 -9 ------- Run | Yrd Mat Min Mat Traps Triggered . | . . . . Indirectly . | . . . . Trap Hack Attempts . | . . . . Triggered . | . . . . Disarmed . | . . . . Reprogrammed . | . . . . Reused . | . . . . Traps Extracted . | . . . . Installed . | . . . . Triggered . | . . . . Machines | -11 -10 -10 -9 ---------- Run | Yrd Mat Min Mat Machines Disabled 2 | . . . 2 Max in Single Turn 2 | . . . 2 Machines Repaired . | . . . . Machines Dismantled . | . . . . Machines Sabotaged . | . . . . Overloaded Fab Kills . | . . . . Hacking | -11 -10 -10 -9 --------- Run | Yrd Mat Min Mat Machines Accessed . | . . . . Terminals . | . . . . Fabricators . | . . . . Repair Stations . | . . . . Recycling Units . | . . . . Scanalyzers . | . . . . Garrison Access . | . . . . Total Hacks . | . . . . Successful . | . . . . Failed . | . . . . Catastrophic . | . . . . Database Lockouts . | . . . . Manual . | . . . . Terminals . | . . . . Fabricators . | . . . . Repair Stations . | . . . . Recycling Units . | . . . . Scanalyzers . | . . . . Garrison Access . | . . . . Terminal Hacks . | . . . . Fabricator Hacks . | . . . . Repair Station Hacks . | . . . . Recycling Unit Hacks . | . . . . Scanalyzer . | . . . . Garrison Access Hacks . | . . . . Unauthorized Hacks . | . . . . Terminals . | . . . . Fabricators . | . . . . Repair Stations . | . . . . Recycling Units . | . . . . Scanalyzers . | . . . . Garrison Access . | . . . . Data Cores Recovered . | . . . . Used . | . . . . Hacking Detections . | . . . . Full Trace Events . | . . . . Feedback Events . | . . . . Feedback Blocked . | . . . . Robot Schematics Acquired . | . . . . Robots Built . | . . . . Authchips . | . . . . Time . | . . . . Total Robot Build Rating . | . . . . Part Schematics Acquired . | . . . . Parts Built . | . . . . Authchips . | . . . . Time . | . . . . Total Part Build Rating . | . . . . Parts Repaired . | . . . . Time . | . . . . Parts Recycled . | . . . . Recycled Matter . | . . . . Retrieved Matter . | . . . . Retrieved Components . | . . . . Parts Scanalyzed . | . . . . Part Schematics Acquired . | . . . . Parts Damaged . | . . . . Bothacking | -11 -10 -10 -9 ------------ Run | Yrd Mat Min Mat Used RIF Installer . | . . . . Robots Hacked . | . . . . Non-combat . | . . . . Combat . | . . . . Robot Hacks Applied . | . . . . Relay Couplers Released . | . . . . Fabnet Peak Effective % . | . . . . Robots Rewired . | . . . . Allies Hacked . | . . . . Hacks Repelled . | . . . . Allies | -11 -10 -10 -9 -------- Run | Yrd Mat Min Mat Total Allies . | . . . . Largest Group . | . . . . Highest-Rated Group . | . . . . Highest-Rated Ally . | . . . . Total Orders . | . . . . Ally Attacks . | . . . . Total Damage . | . . . . Kills . | . . . . Allies Corrupted . | . . . . Allies Melted . | . . . . Intel | -11 -10 -10 -9 ------- Run | Yrd Mat Min Mat Robot Analysis Total . | . . . . Derelict Logs Recovered 1 | . . 1 . Drone Launches . | . . . . Drone Recoveries . | . . . . Exploration | -11 -10 -10 -9 ------------- Run | Yrd Mat Min Mat Turns Passed 562 | 54 223 139 146 Spaces Moved 478 | 53 198 162 65 Core 18 | 3 . . 15 Treads . | . . . . Legs 11 | . . . 11 Wheels 436 | 50 198 162 26 Hover . | . . . . Flight 13 | . . . 13 Fastest Speed 50 | 50 80 80 50 Average Speed 85 | 86 84 82 91 Slowest Speed 190 | 90 90 95 190 Overloaded Moves . | . . . . Propulsion Burnouts . | . . . . Robots Hopped 2 | . . . 2 Cave-ins Triggered . | . . . . Exploration Rate (%) 21 | 4 35 40 6 Regions Visited 3 Branch Regions 1 Pre-discovered Areas . | . . . . Known Exits Taken . | . . . . Unknown Exits Taken 3 | 1 1 1 . Scrap Searched 1 | . . 1 . Spaces Dug . | . . . . Terrain Destroyed 29 | . . . 29 Melee . | . . . . Projectile . | . . . . AOE 29 | . . . 29 Terrain Rammed . | . . . . Walls Destroyed . | . . . . Machines Disabled . | . . . . Actions | -11 -10 -10 -9 --------- Run | Yrd Mat Min Mat Total 580 | 58 235 166 121 Wait 43 | . 11 . 32 Move 471 | 52 197 161 61 Hop 2 | . . . 2 Pick Up 16 | . 12 3 1 Fast Attach 8 | 6 . 1 1 Attach 6 | . 1 . 5 Detach . | . . . . Swap 4 | . 2 . 2 Drop 4 | . 3 1 . Fire 26 | . 9 . 17 Melee . | . . . . Ram . | . . . . Kick . | . . . . Crush . | . . . . Escape Stasis . | . . . . Rewire . | . . . . Trap . | . . . . Miscellaneous . | . . . . Route ------- -11/Scrapyard -10/Materials (discovered 2 exits: [*Mat] / [*Min]) -10/Mines -9/Materials History --------- Turn | Location | Event 19 | -11/Scrapyard | Discovered new exit (range 14) 55 | -11/Scrapyard | Entered Materials 200 | -10/Materials | Discovered new exit (range 4) 214 | -10/Materials | Discovered new exit (range 14) 278 | -10/Materials | Entered Mines 300 | -10/Mines | Build established: Mutant 308 | -10/Mines | Found a damaged Exp. Sensor Array with a note attached 310 | -10/Mines | Found Prototype Device 373 | -10/Mines | Learned Materials emergency access door positions 403 | -10/Mines | Discovered new exit (range 3) 417 | -10/Mines | Entered Materials 417 | -9/Materials | Evolved 2 slots: Weapon x2 521 | -9/Materials | Released all parts (7) 522 | -9/Materials | Core integrity fell below 50% 548 | -9/Materials | Core integrity fell below 20% 563 | -9/Materials | Destroyed by Y-45 Defender with Beam Rifle Last Messages --------------- 00521_ Released Med. Storage Unit. 00521_ Released Ion Engine. 00521_ Released EM Shotgun. 00521_ Released Spread Laser. 00521_ Released Imp. Aluminum Leg. 00523_ U-05 Engineer builds a Wall. 00524_ U-05 Engineer lays Concrete. 00526_ Overheating: Energy bleed (-14). 00526_ U-05 Engineer builds a Wall. 00532_ S-10 Pest destroyed. 00548_ G-34 Mercenary destroyed. 00552_ Acquired 19 matter. 00553_ S-10 Pest destroyed. 00555_ Acquired Flight Unit. 00556_ Acquired 16 matter. 00556_ U-05 Engineer lays Concrete. 00561_ U-05 Engineer builds a Wall. 00562_ U-05 Engineer lays Concrete. 00563_ Acquired Flight Unit. 00563_ U-05 Engineer lays Concrete. Map ----- +----------------------------------------------------+ | | | | | | | ?????????????????????????????????????????????????? | | ?????????????????????????????????????????????????? | | ?????????????????????????????????????????????????? | | ?????????????????????????????????????????????????? | | ?????????????????????????????????????????????????? | | ?????????????????????????????????????????????????? | | ?????????????????????????????????????????????????? | | ?????????????????????????????????????????????????? | | ????????????????????#####????????????????????????? | | ????????????????????# #????????????????????????? | | ????????????????????# #????????????????????????? | | ?????????????????+??# #????????????????????????? | | ????????????????????# ###########??????????????? | | +????????????????+??# ; ##?????????????? | | ????????????????????# ; =####??????????? | | ????????????????????# ; =Y%* #??????????? | | ????????????????????# ; =##%#??????????? | | ????????????????????# ; ; #[#??????????? | | ????????????????????# u ###+##?????????? | | ????????????????????# = # *[= #???????? | | ????????????????????# [= u # =*! #???????? | | ????????????????????# *=[% #####+# """ #???????? | | ????????????????????#[! [@ ;# # """ #???????? | | ????????????????????# #= ## # """ #???????? | | ????????????????????# "[# ## # ????????? | | ????????????????????#"%"# ## ###+####???????? | | ????????????????????# " # # ?? ???????????? | | ????????????????????# # # ??????????????? | | ????????????????????# # %+^ [??????????????? | | ???????????+????????# # # [!?????????????? | | ????????????????????# # # [!?????????????? | | ????????????????????# # #? ????????????? | | ????????????????????# # #? ???????????? | | ????????????????????# # |= +???? ??????????? | | ????????????????????# # != #?????#???????????? | | ????????????????????# ### ####?????????????????? | | ????????????????????# ???##????????????????????? | | ????????????????????? ?????????????????????????? | | ????????????????????? ?????????????????????????? | | ?????????????????????????????????????????????????? | | ?????????????????????????????????????????????????? | | ?????????????????????????????????????????????????? | | ?????????????????????????????????????????????????? | | ?????????????????????????????????????????????????? | | ?????????????????????????????????????????????????? | | ?????????????????????????????????????????????????? | | ?????????????????????????????????????????????????? | +----------------------------------------------------+ Best States ------------- Heat Dissipation 28 Energy Generation 10 Energy Capacity 250 Matter Stores 300 Matter Capacity 300 Sight Range 16 Terrain Scan Density 10 Weapon Shielding 33 Evasion (%) 60 Item Schematics ----------------- None Robot Schematics ------------------ None Fabricated ------------ Nothing Alien Tech Used ----------------- None Achievements -------------- None Challenges ------------ None Game ------ Seed BiocellAlloyDrive Manual? 0 Play Time 00:07:05 Cumulative 130.3 hours Start 2024.11.08 @ 07:48:18 End 2024.11.08 @ 07:53:24 Sessions 1 Manual Loads 0 Difficulty Rogue Special Mode None Game No. 221 Rogue 221 Adventurer 0 Explorer 0 Win Type - Total 1 Types 1/0/0/0/0/0/0/0/0 Lore% 52 Gallery% 61 Achievement% 47 Wizard Run 0 Options --------- Layout 0 ASCII 0 Keyboard 1 Movement Numpad Keybinds 0 Fullscreen 2 Font 18/SmallcapsGlow Map View 76x50 Zoom Use 0% Tactical HUD 1 Map Filters NONE Filters NONE Steam 1 RUN: a6f244b3-bdbe-4722-8558-13f90edcc6dc